 Dungeon Crawl Stone Soup version 0.30-a0-1014-g3371b13838 (webtiles) character file.

Game seed: 6767354299970301608

175 Jannitor the Trooper (level 5, -1/41 HPs)
             Began as a Djinni Chaos Knight on Apr 6, 2023.
             Was a Plaything of Xom.
             Slain by Ijyb
             ... wielding a +0 dagger
              (4 damage)
             ... on level 4 of the Dungeon.
             The game lasted 00:03:23 (2165 turns).

Jannitor the Trooper (Djinni Chaos Knight)          Turns: 2165, Time: 00:03:24

Health: -1/41      AC:  5    Str: 11      XL:     5   Next: 85%
Gold:   132        EV: 11    Int: 16      God:    Xom [*.....] SH:  0 Dex:  8 (12)

rFire   + + .      SeeInvis +    a - +0 falchion (chaos)
rCold   x . .      Faith    .    (no shield)
rNeg    . . .      Spirit   .    b - +2 leather armour
rPois   ∞          Reflect  .    (no helmet)
rElec   .          Rampage  .    (no cloak)
rCorr   .                        (no gloves)
Will    .....                    (boots unavailable)
Stlth   +                        (no amulet)
HPRegen 0.26/turn                (no ring)
MPRegen 0.00/turn                (no ring)

@: flying
A: sickness immunity, fire resistance 2, cold vulnerability 1, float, innate
caster, HP casting, extra vitality 1, see invisible, wild magic 1, inability to
drink after injury 1
a: Renounce Religion


You were on level 4 of the Dungeon.
You worshipped Xom.
You were a special plaything of Xom.
You visited 1 branch of the dungeon, and saw 5 of its levels.

You collected 132 gold pieces.

Inventory:

Hand Weapons
 a - a +0 falchion of chaos (weapon)
Armour
 b - a +2 leather armour (worn)
 m - a +0 kite shield
Wands
 p - a wand of polymorph (7)
Scrolls
 d - a scroll of vulnerability {unknown}
 e - a scroll of fear {unknown}
 g - a scroll of poison {unknown}
 h - 2 scrolls of magic mapping {unknown}
 i - 2 scrolls of enchant armour {unknown}
 j - 2 scrolls of identify {unknown}
 k - a scroll of enchant weapon {unknown}
 l - 3 scrolls of teleportation {unknown}
 n - a scroll of amnesia {unknown}
 o - a scroll of torment {unknown}
Miscellaneous
 c - a piece from Xom's chessboard (15/15) (quivered)


   Skills:
 + Level 3.7 Fighting
 + Level 3.3 Long Blades
 + Level 2.3 Armour
 + Level 3.4 Dodging
 * Level 1.5 Spellcasting


You knew the following spells:

 Your Spells              Type           Power      Damage    Failure   Level
a - Necrotise             Necr           32%        1d5       22%         1
b - Passwall              Tmut/Erth      6%         N/A       30%         2
Your spell library was empty.

Dungeon Overview and Level Annotations

Branches:
Dungeon (5/15)
 Temple: D:4-7

Altars:

Shops:
D:3 (

Annotations:
D:2 Terence
D:3 Jessica, Sigmund
D:4 Ijyb, Pikel


Innate Abilities, Weirdness & Mutations

You are immune to sickness and miasma.
You are immune to poison.
Your flesh is very heat resistant. (rF++)
You are vulnerable to cold. (rC-)
You float through the air rather than walking.
You learn spells naturally, not from books.
Your magical power is your life essence.
You have superior vitality. (+4 MHP)
You have supernaturally acute eyesight. (SInv)
Your spells are a little harder to cast, but a little more powerful.
You occasionally lose the ability to drink potions when taking damage.


Message History

You feel clumsy. The quasit claws you.
* * * LOW HITPOINT WARNING * * *
The quasit claws you but does no damage.
Unknown command.
The quasit attacks as you move away! The quasit bites you.
* * * LOW HITPOINT WARNING * * *
The quasit barely misses you. The quasit misses you.
The quasit closely misses you. The quasit claws you.
* * * LOW HITPOINT WARNING * * *
The quasit claws you but does no damage.
The quasit attacks as you move away! The quasit barely misses you.
The quasit closely misses you. x2;
Found an escape hatch in the ceiling.
The white imp disappears in a puff of smoke!
You see here a scroll labelled UCOEJU OXINN.
The quasit bites you but does no damage.
The quasit claws you.
* * * LOW HITPOINT WARNING * * *
The quasit claws you.
* * * LOW HITPOINT WARNING * * *
You feel clumsy. The quasit attacks as you move away! The quasit bites you.
* * * LOW HITPOINT WARNING * * *
The quasit claws you but does no damage. x2
The quasit attacks as you move away! The quasit barely misses you. x2
The quasit claws you but does no damage.
The quasit barely misses you. x2
The quasit claws you but does no damage.
Found a glowing red potion.
There is an escape hatch in the ceiling here.
Unknown command.
The quasit bites you but does no damage.
The quasit claws you.
* * * LOW HITPOINT WARNING * * *
The quasit claws you but does no damage.
A mysterious force pulls you upwards. The hatch slams shut behind you.
Level annotation: Pikel Ijyb shouts!
You hear a bark!
You hear an angry hiss.
Ijyb hits you with a +0 dagger.
You die...

## .#
##.#
#@#
#...g##
#..###
..


You could see Ijyb.

Vanquished Creatures
  A hound (D:5)
  Natasha (D:3)
  An adder (D:2)
  A worm (D:2)
  5 dart slugs
  2 orcs (D:3)
  7 ball pythons
  6 endoplasms
  4 giant cockroaches
  A goblin (D:2)
  5 hobgoblins
  7 jackals
  3 quokkas
  8 bats
  4 frilled lizards
  5 kobolds
  6 rats
67 creatures vanquished.

Notes
Turn   | Place    | Note
-------+----------+-------------------------------------------
     0 | D:1      | Jannitor the Djinni Chaos Knight began the quest for the
                  | Orb.
     0 | D:1      | Reached XP level 1. HP: 20/20 MP: 0/0
   126 | D:1      | Reached XP level 2. HP: 25/25 MP: 0/0
   376 | D:1      | XOM: confuse monster(s)
   389 | D:1      | Reached XP level 3. HP: 21/30 MP: 0/0
   389 | D:1      | Learned a level 1 spell: Necrotise
   572 | D:2      | XOM: divination: magic mapping
   721 | D:2      | XOM: silly message
   724 | D:2      | XOM: divination: detect items
   771 | D:2      | XOM: divination: magic mapping
   806 | D:2      | Reached XP level 4. HP: 35/35 MP: 0/0
  1239 | D:2      | XOM: noise
  1465 | D:3      | Noticed Jessica
  1465 | D:3      | Noticed Terence
  1703 | D:3      | Found a faded altar of an unknown god.
  1703 | D:3      | Noticed Natasha
  1711 | D:3      | XOM: confusion
  1719 | D:3      | Killed Natasha
  1720 | D:3      | Reached skill level 1 in Spellcasting
  1720 | D:3      | Reached XP level 5. HP: 38/40 MP: 0/0
  1720 | D:3      | Learned a level 2 spell: Passwall
  1722 | D:3      | XOM: give mutations
  1722 | D:3      | Gained mutation: You occasionally lose the ability to drink
                  | potions when taking damage. [Xom's mischief]
  1722 | D:3      | Gained mutation: You have supernaturally acute eyesight.
                  | (SInv) [Xom's mischief]
  1722 | D:3      | Gained mutation: Your spells are a little harder to cast,
                  | but a little more powerful. [Xom's mischief]
  1782 | D:3      | Found Gimath's Antique Weapon Shop.
  2060 | D:3      | Noticed Sigmund
  2063 | D:3      | XOM: chaos cloud
  2076 | D:3      | XOM: confusion
  2077 | D:4      | XOM: stealth player
  2085 | D:4      | Noticed a phantom
  2085 | D:4      | XOM: 4-stop teleportation journey
  2086 | D:4      | Noticed Pikel
  2086 | D:4      | XOM: 3-stop teleportation journey
  2104 | D:5      | Entered Level 5 of the Dungeon
  2110 | D:5      | XOM: noise
  2127 | D:5      | XOM: summons 3 hostile demons
  2159 | D:5      | HP: 2/41 [quasit[Xom] (2)]
  2165 | D:4      | Noticed Ijyb
  2165 | D:4      | Slain by Ijyb

Illustrated notes

Levels and vault maps discovered:
D:1:      minmay_arrival_cross, layout_rooms, hex_intersection,
          minmay_fountain_box
D:2:      layout_loops_ring, kennysheep_path_1, chequers_serial_rivers_small_3,
          minmay_box_of_dots
D:3:      layout_rooms, serial_shops, nicolae_shop_waterfront,
          ebering_ecumenical_altar_webs, st_stairs_2, uniq_sigmund,
          uniq_jessica, uniq_terence, uniq_natasha
D:4:      layout_loops_ring, elyvilon_altar_1, mainiacjoe_overflow_paths,
          serial_glass, glass_columns_c, glass_columns_a, uniq_edmund,
          uniq_blork_the_orc, uniq_ijyb, uniq_pikel
D:5:      layout_basic, grunt_temple_overflow_cloverleaf, old_standard_altar,
          cheibrodos_sewer_entry_bend

Skill      XL: |  1  2  3  4 |
---------------+-------------+-----
Long Blades    | 3 |  3.3
Dodging        | 3 |  3.4
Armour         | 2 |  2.3
Spellcasting   | 1 |  1.5
Fighting       | |  3.7

Action                     |  1- 3 |  4- 6 || total
---------------------------+-------+-------++-------
  Melee: Falchion          |    94 |   144 ||   238
         Punch             |     1 |       ||     1
    Use: Potion            |       |     4 ||     4
 Armour: Leather armour    |    43 |    74 ||   117
  Dodge: Dodged            |    58 |   124 ||   182

Table legend: (Time is in decaauts)
 A = Elapsed time spent in this place.
 B = Non-inter-level travel time spent in this place.
 C = Inter-level travel time spent in this place.
 D = Time resting spent in this place.
 E = Time spent auto-exploring this place.
 F = Levels seen in this place.
 G = Mean time per level.
                   A        B        C        D        E       F      G
               +--------+--------+--------+--------+--------+-----+--------+
         Total |   2200 |   2120 |     80 |     79 |   1418 |   5 |  440.0 |
       Dungeon |   2200 |   2120 |     80 |     79 |   1418 |   5 |  440.0 |
               +--------+--------+--------+--------+--------+-----+--------+

Top non-repeatable levels by time:
     D:2: 1025 daAuts
     D:3: 558 daAuts
     D:1: 527 daAuts
     D:5: 62 daAuts
     D:4: 27 daAuts
